 Dungeon Crawl Stone Soup version 0.29.1-2-gbd0b4ee654 (webtiles) character file.

Game seed: 3403019245760382813

210 Ivernyr the Conjurer (level 5, -1/34 HPs)
             Began as an Octopode Conjurer on Nov 3, 2022.
             Slain by an orc
             ... wielding a +0 falchion
              (6 damage)
             ... on level 4 of the Dungeon.
             The game lasted 00:05:46 (3168 turns).

Ivernyr the Conjurer (Octopode Conjurer)            Turns: 3168, Time: 00:05:46

Health: -1/34      AC:  1    Str:  6    XL:     5   Next: 87%
Magic:  4/9        EV: 13    Int: 22    God:
Gold:   157        SH:  0    Dex: 11    Spells: 7/10 levels left

rFire   . . .      SeeInvis .   (no weapon)
rCold   . . .      Faith    .   (no shield)
rNeg    . . .      Spirit   .   (helmet restricted)
rPois   .          Reflect  .   (no amulet)
rElec   .          Harm     .   (no ring)
rCorr   .          Rampage  .   (no ring)
Will    .....                   (no ring)
Stlth   +++.......              (no ring)
HPRegen 0.11/turn               (no ring)
MPRegen 0.11/turn               (no ring)
                                (no ring)
                                (no ring)

@: no status effects
A: almost no armour, amphibious, 8 rings, camouflage 1, gelatinous body 1,
(nimble swimmer 1), tentacles
a: no special abilities


You were on level 4 of the Dungeon.
You visited 1 branch of the dungeon, and saw 4 of its levels.

You collected 157 gold pieces.

Inventory:

Armour
 d - a +0 buckler
Jewellery
 l - a +6 ring of strength
Wands
 j - a wand of flame (12)
Scrolls
 c - 4 scrolls of identify {unknown}
 f - 2 scrolls of teleportation {unknown}
 i - a scroll of enchant armour {unknown}
 m - a scroll of blinking {unknown}
Potions
 a - a potion of magic
 b - 2 potions of heal wounds {unknown}
 e - a potion of resistance {unknown}
 g - a potion of flight {unknown}
 h - a potion of brilliance {unknown}
 k - 2 potions of lignification {unknown}


   Skills:
 + Level 2.1 Fighting
 - Level 2.1 Dodging
 - Level 2.6 Stealth
 + Level 2.0 Shields
 + Level 3.0 Spellcasting
 * Level 5.3 Conjurations


You had 7 spell levels left.
You knew the following spells:

 Your Spells              Type           Power      Damage    Failure   Level
a - Magic Dart            Conj           100%       1d8       1%          1
b - Searing Ray           Conj           52%        2d6       1%          2

Your spell library contained the following spells:

 Spells                   Type           Power      Damage    Failure   Level
 Dazzling Flash           Conj/Hex       30%        N/A       12%         3
 Stone Arrow              Conj/Erth      30%        3d8       12%         3
 Ensorcelled Hibernation  Hex/Ice        6%         N/A       19%         2
 Spider Form              Tmut/Pois      3%         N/A       36%         3
 Fulminant Prism          Conj/Hex       7%         3d7       38%         4
 Iskenderun's Mystic Bla  Conj/Tloc      15%        2d5       38%         4
 Anguish                  Hex/Necr       1%         N/A       77%         4
 Lehudib's Crystal Spear  Conj/Erth      7%         10d3      100%        8
 Animate Armour           Summ/Erth      Unusable   N/A       N/A         4

Dungeon Overview and Level Annotations

Branches:
Dungeon (4/15)
 Temple: D:4-7

Altars:
Elyvilon
Kikubaaqudgha


Innate Abilities, Weirdness & Mutations

You cannot wear most types of armour.
You are amphibious.
You can wear up to eight rings at the same time.
Your skin changes colour to match your surroundings (Stealth+).
Your rubbery body absorbs attacks. (AC +1, EV +1)
((You are camouflaged when in or above water. (Stealth+)))
You have tentacles for arms and can constrict up to eight enemies at once.


Message History

The orc wizard is severely wounded.
You constrict the orc wizard.
The orc wizard hits you with a +0 dagger.
You tentacle-slap the orc wizard but do no damage.
You squeeze the orc wizard.
You kill the orc wizard!
Your Shields skill increases to level 2!
Your Spellcasting skill increases to level 3!
You tentacle-slap the orc but do no damage.
Your grab misses the orc. The orc misses you.
You tentacle-slap the orc but do no damage.
You grab the orc.
You constrict the orc, but do no damage.
The orc hits you with a +0 falchion.
You tentacle-slap the orc but do no damage.
You constrict the orc, but do no damage.
The orc misses you.
You completely miss the orc. You squeeze the orc, but do no damage.
You constrict the orc, but do no damage.
A giant cockroach comes into view.
An orc comes into view.
It is wielding a +0 short sword of electrocution.
The orc hits you with a +0 falchion!
* * * LOW HITPOINT WARNING * * *
You barely miss the orc.
The orc shouts!
You squeeze the orc, but do no damage.
You constrict the orc, but do no damage.
The orc hits you with a +0 falchion.
* * * LOW HITPOINT WARNING * * *
Unknown command.
You release your grip on the orc.
Items here: )) [ †.
The orc attacks as you move away! The orc completely misses you.
A hobgoblin comes into view.
An orc wizard comes into view.
It is wielding a +0 dagger and wearing a +1 robe of willpower.
The orc attacks as you move away! The orc closely misses you.
The orc attacks as you move away! The orc closely misses you.
There is a stone staircase leading up here.
The orc hits you with a +0 falchion.
You die...

.# .# .# #.#
#####.#### #........#
.
###....###.#######o..
+...@oBo.g.o..)))....
##.....###.#######...
#........#.# .
##...###.#.#
##........#
######.### #.# #.#
#.#


You could see an orc wizard (wandering), 2 orcs, a giant cockroach and a
hobgoblin.

Vanquished Creatures
  3 orc wizards (D:4)
  3 gnolls (D:2)
  4 adders
  A worm (D:2)
  2 dart slugs (D:1)
  3 orcs
  7 endoplasms
  A goblin (D:1)
  4 hobgoblins
  8 jackals (D:3)
  3 kobolds (D:2)
  A quokka (D:1)
  7 ball pythons
  5 bats
  4 frilled lizards
  3 rats
59 creatures vanquished.

Vanquished Creatures (others)
  A butterfly (D:3)
1 creature vanquished.

Grand Total: 60 creatures vanquished

Notes
Turn   | Place    | Note
-------+----------+-------------------------------------------
     0 | D:1      | Ivernyr the Octopode Conjurer began the quest for the Orb.
     0 | D:1      | Reached XP level 1. HP: 11/11 MP: 3/3
   210 | D:1      | Reached XP level 2. HP: 9/18 MP: 0/5
   218 | D:1      | Learned a level 2 spell: Searing Ray
   848 | D:2      | Reached XP level 3. HP: 22/22 MP: 0/6
   936 | D:2      | Reached skill level 1 in Fighting
  1072 | D:2      | Reached skill level 1 in Shields
  1073 | D:2      | Reached XP level 4. HP: 20/28 MP: 0/7
  2445 | D:3      | Reached skill level 5 in Conjurations
  2445 | D:3      | Reached XP level 5. HP: 34/34 MP: 3/9
  2529 | D:3      | Found a white marble altar of Elyvilon.
  2720 | D:3      | Found an ancient bone altar of Kikubaaqudgha.
  3168 | D:4      | Slain by an orc

Illustrated notes

Levels and vault maps discovered:
D:1:      mushboom_english_gardens, layout_basic
D:2:      layout_loops_corners, chequers_serial_rivers_micro_b
D:3:      layout_basic, nicolae_elyvilon_peaceful_grove, old_standard_altar,
          glass_columns_a
D:4:      layout_loops_corners, makhleb_heckhound_becter,
          minmay_temple_entry_hall, kennysheep_potato, uniq_ijyb, uniq_robin,
          uniq_pikel

Skill      XL: |  1  2  3  4  5 |
---------------+----------------+-----
Fighting       | 1 2 |  2.1
Shields        | 1 2 |  2.0
Conjurations   | 5 |  5.3
Spellcasting   | 3 |  3.0
Dodging        | |  2.1
Stealth        | |  2.6

Action                   |  1- 3 |  4- 6 || total
-------------------------+-------+-------++-------
Melee: Unarmed           |    15 |    41 ||    56
       Constrict         |     2 |     8 ||    10
       Tentacles         |     2 |    12 ||    14
 Cast: Magic Dart        |    40 |    56 ||    96
       Searing Ray       |     1 |     1 ||     2
Armor: Skin              |     1 |     4 ||     5
Dodge: Dodged            |    10 |    27 ||    37
